 Dungeon Crawl Stone Soup version 0.27.1-33-g824d729ab1 (webtiles) character file.

Game seed: 9636489972108896011

191 Kaptain the Digger (level 5, -8/33 HPs)
             Began as an Octopode Earth Elementalist on Dec 16, 2021.
             Killed from afar by an orc wizard (11 damage)
             ... with a puff of flame
             ... on level 3 of the Dungeon.
             The game lasted 00:07:29 (2654 turns).

Kaptain the Digger (Octopode Earth Elementalist)    Turns: 2654, Time: 00:07:29

Health: -8/33      AC:  1    Str:  8    XL:     5   Next: 70%
Magic:  2/9        EV: 13    Int: 18    God:
Gold:   81         SH:  0    Dex: 12    Spells: 9/10 levels left

rFire    . . .     SeeInvis .   f - +1 dagger (venom)
rCold    . . .     Faith    .   (no shield)
rNeg     . . .     Spirit   .   (helmet restricted)
rPois    .         Reflect  .   (no amulet)
rElec    .         Harm     .   (no ring)
rCorr    .         Rampage  .   (no ring)
Will     .....                  (no ring)
Stlth    +++.......             (no ring)
HPRegen  0.11/turn              (no ring)
MPRegen  0.11/turn              (no ring)
                                (no ring)
                                (no ring)

@: no status effects
A: almost no armour, amphibious, 8 rings, camouflage 1, gelatinous body 1,
(nimble swimmer 1), tentacles
a: no special abilities


You were on level 3 of the Dungeon.
You visited 1 branch of the dungeon, and saw 3 of its levels.

You collected 81 gold pieces.

Inventory:

Hand Weapons
 e - a +1 dagger
 f - a +1 dagger of venom (weapon)
Missiles
 b - 42 stones
Armour
 a - a +0 tower shield
Scrolls
 c - a scroll of fog {unknown}
 g - a scroll of enchant armour {unknown}
 h - a scroll of acquirement {unknown}
Potions
 d - a potion of haste


   Skills:
 + Level 1.6 Fighting
 + Level 2.7 Dodging
 + Level 3.7 Stealth
 + Level 0.8 Shields
 * Level 3.2 Spellcasting
 - Level 1.0 Transmutations
 * Level 4.1 Earth Magic


You had 9 spell levels left.
You knew the following spells:

 Your Spells              Type           Power      Damage    Failure   Level
a - Sandblast             Erth           34%        2d9       3%          1

Your spell library contained the following spells:

 Spells                   Type           Power      Damage    Failure   Level
 Passwall                 Tmut/Erth      10%        N/A       9%          2
 Stone Arrow              Conj/Erth      20%        3d8       21%         3
 Petrify                  Tmut/Erth      12%        N/A       50%         4


Dungeon Overview and Level Annotations

Branches:
Dungeon (3/15)

Altars:

Shops:
D:3 [


Innate Abilities, Weirdness & Mutations

You cannot wear most types of armour.
You are amphibious.
You can wear up to eight rings at the same time.
Your skin changes colour to match your surroundings (Stealth+).
Your rubbery body absorbs attacks. (AC +1, EV +1)
((You are camouflaged near water. (Stealth+)))
You have tentacles for arms and can constrict up to eight enemies at once.


Message History

Casting: Sandblast (safe; 3% risk of failure)
Confirm with . or Enter, or press ? or * to list all spells.
Aiming: Sandblast (safe; 3% risk of failure)
Press: ? - help, Shift-Dir - straight line, f/p - orc
Aim: an orc, wielding a +0 hand axe and wearing a +0 chain mail (lightly wounded, 85% to hit)
The blast of sand hits the orc wizard but does no damage.
The orc wizard is moderately wounded.
The orc wizard barely misses you.
Casting: Sandblast (safe; 3% risk of failure)
Confirm with . or Enter, or press ? or * to list all spells.
Aiming: Sandblast (safe; 3% risk of failure)
Press: ? - help, Shift-Dir - straight line, f/p - orc
Aim: an orc, wielding a +0 hand axe and wearing a +0 chain mail (lightly wounded, 85% to hit)
Okay, then.
You closely miss the orc wizard. Your grab misses the orc wizard.
You squeeze the orc wizard.
The orc wizard is heavily wounded.
The orc wizard hits you but does no damage.
You barely miss the orc wizard. Your grab misses the orc wizard.
The orc wizard is heavily wounded.
The orc wizard hits you with a +0 dagger.
You closely miss the orc wizard. Your grab misses the orc wizard.
The orc wizard is heavily wounded.
The orc wizard hits you with a +0 dagger.
* * * LOW HITPOINT WARNING * * *
You barely miss the orc wizard. Your grab misses the orc wizard.
The orc wizard is heavily wounded.
The orc wizard hits you with a +0 dagger.
* * * LOW HITPOINT WARNING * * *
Casting: Sandblast (safe; 3% risk of failure)
Confirm with . or Enter, or press ? or * to list all spells.
Aiming: Sandblast (safe; 3% risk of failure)
Press: ? - help, Shift-Dir - straight line, f/p - orc
Aim: an orc, wielding a +0 hand axe and wearing a +0 chain mail (lightly wounded, 85% to hit)
The blast of sand misses the orc wizard.
The blast of sand hits the orc.
The orc is moderately wounded.
The orc wizard gestures at you while chanting.
The puff of flame hits you!
You die...

#.#.#####.#.#.######.# ####+#.#
#..∩..# #.# #......# ###.###
#.# ##......# #..## #.#
..'......# #<..# #.#
###......########..# #.# ..
..................######.# #.
....#..#.#................
#......#^.#.#@######.)######.#
#..... #..#.#o#### #(†))))....
.##..####..#o#o..<###.#######.#
........#...........)..# #..
........##.#o#########.# #.#
........'....# . ...# #.#
........##.### ..<.#.###.####
#............# #............
#........#.#.# ####.##.###..


You could see an orc wizard and an orc.

Vanquished Creatures
  A bullfrog zombie (D:3)
  An orc wizard (D:3)
  An iguana (D:3)
  Robin (D:3)
  3 adders (D:2)
  2 dart slugs
  2 orcs (D:3)
  5 bats
  3 endoplasms (D:1)
  6 giant cockroaches
  16 goblins
  6 hobgoblins
  2 jackals (D:2)
  6 ball pythons
  2 frilled lizards (D:1)
  2 kobolds (D:2)
  6 rats
65 creatures vanquished.

Notes
Turn   | Place    | Note
-------+----------+-------------------------------------------
     0 | D:1      | Kaptain the Octopode Earth Elementalist began the quest for
                  | the Orb.
     0 | D:1      | Reached XP level 1. HP: 11/11 MP: 3/3
    46 | D:1      | Noticed a golden eye
    48 | D:1      | Found a faded altar of an unknown god.
    51 | D:1      | Noticed a great orb of eyes
    51 | D:1      | Noticed a floating eye
    51 | D:1      | Noticed a golden eye
   226 | D:1      | Reached XP level 2. HP: 17/17 MP: 3/5
  1070 | D:1      | Reached XP level 3. HP: 22/22 MP: 4/6
  1335 | D:2      | Reached skill level 1 in Fighting
  1337 | D:2      | Reached XP level 4. HP: 28/28 MP: 0/8
  2209 | D:3      | Found Ocait's Armour Boutique.
  2346 | D:3      | Noticed Robin
  2349 | D:3      | Reached XP level 5. HP: 32/33 MP: 0/9
  2361 | D:3      | Killed Robin
  2631 | D:3      | Reached skill level 4 in Earth Magic
  2654 | D:3      | Killed from afar by an orc wizard

Illustrated notes

Levels and vault maps discovered:
D:1:      amcnicky_arrival_choice, layout_basic,
          hellmonk_ecumenical_altar_watching_god
D:2:      layout_loops_cross, minmay_octomino_j4
D:3:      layout_basic, serial_shops, nicolae_shop_crystal, uniq_robin

Skill      XL: |  1  2  3  4  5 |
---------------+----------------+-----
Stealth        | 3 |  3.7
Fighting       | 1 |  1.6
Spellcasting   | 3 |  3.2
Earth Magic    | 4 |  4.1
Dodging        | |  2.7
Shields        | |  0.8
Transmutations | |  1.0

Action                   |  1- 3 |  4- 6 || total
-------------------------+-------+-------++-------
Melee: Dagger            |       |    20 ||    20
       Constrict         |       |     4 ||     4
       Tentacles         |       |     3 ||     3
 Cast: Sandblast         |    39 |    57 ||    96
  Use: Scroll            |       |     3 ||     3
       Potion            |       |     1 ||     1
Armor: Skin              |     1 |     2 ||     3
Dodge: Dodged            |    12 |    24 ||    36
